 Dungeon Crawl Stone Soup version 0.27-a0-1312-g5cdb2b3542 (webtiles) character file.

Game seed: 18017070704590149139

18248 junkies the Fighter (level 12, -2/132 HPs)
             Began as an Ogre Hunter on June 19, 2021.
             Was a Believer of Yredelemnul.
             Slain by a hellwing (11 damage)
             ... on level 2 of the Abyss.
             The game lasted 01:56:10 (24154 turns).

junkies the Fighter (Ogre Hunter)                  Turns: 24154, Time: 01:56:10

Health: -2/132     AC:  5    Str: 22    XL:     12   Next: 56%
Magic:  25/25      EV: 10    Int: 15    God:    Yredelemnul [**....]
Gold:   752        SH:  0    Dex:  9    Spells: 23/30 levels left

rFire    . . .     SeeInvis +   O - +4 demon blade (elec)
rCold    + . .     Faith    .   (no shield)
rNeg     . . .     Spirit   .   L - +0 robe {rC+}
rPois    .         Reflect  .   a - +1 hat {SInv}
rElec    .         Harm     .   y - +1 cloak
rCorr    .         Rampage  .   (gloves unavailable)
Will     ++...                  (boots unavailable)
Stlth    +.........             H - amulet of regeneration
HPRegen  1.32/turn              A - ring of willpower
MPRegen  0.19/turn              t - +6 ring of strength

@: unable to read, very slightly contaminated
A: large, unfitting armour, tough skin 1, [deformed body], [deterioration 2],
[weak 2], [inability to read while threatened]
a: Renounce Religion, Animate Remains, Recall Undead Slaves, Injury Mirror


You were on level 2 of the Abyss.
You worshipped Yredelemnul.
Yredelemnul was pleased with you.
You visited 3 branches of the dungeon, and saw 14 of its levels.
You visited the Abyss 1 time.

You collected 752 gold pieces.

Inventory:

Hand Weapons
 c - a +1 trident of protection
 k - a +3 whip of flaming
 O - a +4 demon blade of electrocution (weapon)
Missiles
 b - 6 javelins
 d - 6 boomerangs
 e - 52 poisoned darts
 i - a large rock
 u - 257 stones
 G - 4 silver javelins (quivered)
Armour
 a - a +1 hat of see invisible (worn)
 y - a +1 cloak (worn)
 L - a +0 robe of cold resistance (worn)
Magical Staves
 F - a staff of conjuration
Jewellery
 m - a ring of positive energy
 p - a ring of flight
 t - a +6 ring of strength (right hand)
 z - a ring of ice
 A - a ring of willpower (left hand)
 B - a +6 ring of intelligence
 D - a ring of see invisible
 H - an amulet of regeneration (around neck)
Wands
 l - a wand of acid (7)
 v - a wand of polymorph (4)
 x - a wand of flame (23)
Scrolls
 f - a scroll of magic mapping {unknown}
 j - a scroll of enchant armour
 o - 3 scrolls of vulnerability
 J - 3 scrolls of identify
 K - a scroll of silence {unknown}
Potions
 n - a potion of attraction
 q - 2 potions of resistance
 s - a potion of mutation
 w - 3 potions of flight
 E - 2 potions of magic
Miscellaneous
 C - a phial of floods
 M - a tin of tremorstones (2/2)


   Skills:
 + Level 12.1 Fighting
 * Level 5.4 Long Blades
 + Level 11.7 Throwing
 - Level 2.6 Dodging
 - Level 0.6 Stealth
 + Level 9.8 Spellcasting
 - Level 2.3 Conjurations
 - Level 7.9 Air Magic


You had 23 spell levels left.
You knew the following spells:

 Your Spells              Type           Power      Damage    Failure   Level
a - Shock                 Conj/Air       88%        1d8       1%          1
b - Static Discharge      Conj/Air       22%        N/A       1%          2
c - Airstrike             Air            15%        N/A       3%          4

Your spell library contained the following spells:

 Spells                   Type           Power      Damage    Failure   Level
 Swiftness                Air            31%        N/A       1%          3
 Magic Dart               Conj           56%        1d5       3%          1
 Searing Ray              Conj           28%        3d4       6%          2
 Animate Skeleton         Necr           14%        N/A       10%         1
 Beastly Appendage        Tmut           14%        N/A       10%         1
 Pain                     Necr           28%        1d5       10%         1
 Wereblood                Tmut           7%         N/A       16%         2
 Dazzling Flash           Conj/Hex       20%        N/A       19%         3
 Spider Form              Tmut/Pois      3%         N/A       30%         3
 Vampiric Draining        Necr           3%         2d6       30%         3
 Lightning Bolt           Conj/Air       11%        1d24      34%         5
 Fulminant Prism          Conj/Hex       5%         3d7       52%         4
 Iskenderun's Mystic Bla  Conj/Tloc      10%        2d4       52%         4
 Animate Dead             Necr           3%         N/A       69%         4
 Ice Form                 Ice/Tmut       7%         N/A       69%         4
 Agony                    Necr           7%         N/A       95%         5


Dungeon Overview and Level Annotations

Branches:
Dungeon (11/15)            Temple (1/1) D:4            Lair (2/6) D:11
    Orc (0/2) D:9
  Swamp: Lair:2-4    Shoals: Lair:2-4     Snake: Lair:2-4    Spider: Lair:2-4

Altars:
Ashenzari
Cheibriados
Dithmenos
Elyvilon
Fedhas
Gozag
Hepliaklqana
Kikubaaqudgha
Makhleb
Nemelex Xobeh
Okawaru
Qazlal
Sif Muna
Trog
Uskayaw
Vehumet
Wu Jian
Xom
Yredelemnul
Zin
The Shining One

Shops:
D:2 !

Annotations:
D:5 Grinder, Prince Ribbit
Lair:2 Sonja


Innate Abilities, Weirdness & Mutations

You are too large for most types of armour.
You have tough skin. (AC +1)
[Armour fits poorly on your strangely shaped body.]
[Your body often deteriorates upon taking damage.]
[You are very weak. (Str -4)]
[You sometimes lose the ability to read scrolls when taking damage.]


Message History

Unknown command.
Press: ? - help, v - describe, . - travel
Here: a small abomination (lightly damaged)
The floor.
Throw: 5 javelins (silver)
Press: ? - help, Q - select action, (/) - cycle Shift-Dir - straight line, f - small abomination
Aim: a small abomination (lightly damaged, 67% to hit, chaotic)
Okay, then.
Unknown command.
Press: ? - help, v - describe, . - travel
Here: a small abomination (lightly damaged)
The floor.
Unknown command.
Throw: 5 javelins (silver)
Press: ? - help, Q - select action, (/) - cycle Shift-Dir - straight line, f - small abomination
Aim: a small abomination (lightly damaged, 67% to hit, chaotic)
You throw a silver javelin.
The silver javelin pierces through the small abomination.
The silver sears the small abomination!
The small abomination is moderately damaged.
The silver javelin pierces through the vampire mosquito!
The vampire mosquito is heavily damaged.
The silver javelin pierces through the neqoxec but does no damage.
The silver sears the neqoxec!
The neqoxec is lightly wounded.
The worldbinder barely misses you. The worldbinder hits you.
* * * LOW HITPOINT WARNING * * *
The small abomination hits you!
* * * LOW HITPOINT WARNING * * *
The hellwing hits you.
* * * LOW HITPOINT WARNING * * *
The hellwing hits you.
* * * LOW HITPOINT WARNING * * *
You feel better. The worldbinder hits you.
* * * LOW HITPOINT WARNING * * *
The worldbinder closely misses you. The small abomination hits you.
* * * LOW HITPOINT WARNING * * *
The hellwing hits you!
You die...
Your body rises from the dead as a mindless zombie.

#..##x# .##
#...# ##.#
.## ##3.##..#
#.(##..x#.##.
...#.#..#.#.
#.3##.#.#
.x##yy##.# #.
#.#xx4n# .
##.#@### .###
.# ..


You could see a hellwing, a worldbinder, a bog body (summoned), a neqoxec, 2
vampire mosquitoes and a small abomination.

Vanquished Creatures
  A deep elf sorcerer (Abyss:2)
  A hydra (Lair:1)
  A thrashing horror (Abyss:2)
  A sixfirhy (Abyss:2)
  A wretched star (Abyss:2)
  A phantasmal warrior (Abyss:2)
  2 smoke demons (Abyss:2)
  Joseph (D:7)
  3 black mambas
  4 cane toads
  2 unseen horrors (D:10)
  A kobold demonologist (Abyss:2)
  A rime drake (Lair:2)
  Psyche (D:10)
  3 komodo dragons (Lair:2)
  A troll (D:9)
  A hornet (D:9)
  3 raiju (Abyss:2)
  8 blink frogs
  A large abomination (Abyss:2)
  A shadow (D:9)
  2 wyverns
  5 yaks
  Grum (D:10)
  A wraith (Abyss:2)
  A neqoxec (Abyss:2)
  3 basilisks
  A steam dragon (D:9)
  Edmund (D:3)
  An acid dragon (D:8)
  5 water moccasins
  A swamp drake (D:9)
  4 orc warriors
  A black bear (D:8)
  A hornet zombie (D:7)
  A necrophage (D:4)
  4 centaurs
  3 wolves (D:10)
  4 bullfrogs
  A wyvern zombie (D:8)
  A gnoll sergeant (D:5)
  3 scorpions
  6 killer bees (D:8)
  3 wights (D:8)
  An electric eel (Lair:2)
  7 howler monkeys
  3 hounds
  13 orc priests
  A centaur zombie (D:8)
  A jelly (D:7)
  Ijyb (D:4)
  A bullfrog skeleton (D:4)
  A centaur skeleton (D:6)
  4 iguanas
  10 orc wizards
  2 killer bee zombies
  A hound skeleton (D:4)
  4 howler monkey zombies
  3 gnolls
  5 adders
  A white imp (D:6)
  2 ufetubi
  2 worms (D:3)
  2 dart slugs
  30 orcs
  3 bats (D:1)
  8 endoplasms
  7 giant cockroaches
  7 goblins
  7 hobgoblins
  11 jackals
  7 kobolds
  5 quokkas
  7 ball pythons
  6 frilled lizards
  5 rats
261 creatures vanquished.

Vanquished Creatures (others)
  2 large abominations (Abyss:2)
  A raiju (Abyss:2)
  A ynoxinul (Abyss:2)
  An ettin skeleton (Abyss:2)
  A chaos spawn (Abyss:2)
  7 small abominations (Abyss:2)
  2 quasits (Abyss:2)
  An ufetubus (Abyss:2)
  4 orcs (D:4)
  A bush (D:6)
  2 fungi (Lair:2)
  2 lurking horrors (Abyss:2)
  A plant (Lair:2)
26 creatures vanquished.

Grand Total: 287 creatures vanquished

Notes
Turn   | Place    | Note
-------+----------+-------------------------------------------
     0 | D:1      | junkies the Ogre Hunter began the quest for the Orb.
     0 | D:1      | Reached XP level 1. HP: 22/22 MP: 1/1
   420 | D:1      | Reached skill level 3 in Fighting
   420 | D:1      | Reached XP level 2. HP: 31/31 MP: 2/2
   902 | D:1      | Reached XP level 3. HP: 24/37 MP: 3/3
  1973 | D:2      | Reached XP level 4. HP: 35/48 MP: 4/4
  2230 | D:2      | Found Xohishos's Distillery.
  2283 | D:2      | Learned a level 1 spell: Shock
  2759 | D:2      | Reached skill level 4 in Fighting
  3042 | D:3      | Reached skill level 1 in Spellcasting
  3054 | D:3      | Reached XP level 5. HP: 49/55 MP: 6/6
  3059 | D:3      | Reached skill level 1 in Air Magic
  3155 | D:3      | Found a glowing silver altar of Zin.
  3156 | D:3      | Noticed an angel
  3161 | D:3      | Found a shimmering altar of Xom.
  3901 | D:4      | Reached skill level 1 in Conjurations
  3957 | D:4      | Noticed Ijyb
  3980 | D:4      | Killed Ijyb
  3981 | D:4      | Reached XP level 6. HP: 9/65 MP: 8/8
  3984 | D:4      | HP: 2/65 [hound (4)]
  4324 | D:4      | Noticed Edmund
  4456 | D:3      | Killed Edmund
  4457 | D:3      | Reached skill level 5 in Fighting
  4897 | D:4      | Found a staircase to the Ecumenical Temple.
  4906 | Temple   | Entered the Ecumenical Temple
  5152 | Temple   | Became a worshipper of Yredelemnul the Dark
  5594 | D:4      | Noticed a necrophage
  5824 | D:4      | Killed a necrophage
  5825 | D:4      | Reached XP level 7. HP: 72/72 MP: 8/11
  5917 | D:5      | Entered Level 5 of the Dungeon
  6387 | D:5      | Learned a level 2 spell: Static Discharge
  6824 | D:5      | Noticed Grinder
  7280 | D:6      | Identified a scroll of acquirement
  7280 | D:6      | Acquired a +1 hat of see invisible
  7416 | D:6      | Found an ornate altar of the Wu Jian Council.
  7428 | D:6      | Noticed Prince Ribbit
  7947 | D:5      | Reached skill level 6 in Fighting
  7969 | D:5      | Reached skill level 5 in Throwing
  8230 | D:5      | Reached XP level 8. HP: 64/83 MP: 13/13
  8711 | D:6      | Found a broken altar of Ashenzari.
  8818 | D:6      | Learned a level 4 spell: Airstrike
 10163 | D:7      | Reached skill level 7 in Fighting
 10363 | D:7      | Found a stormy altar of Qazlal.
 10532 | D:7      | Noticed Joseph
 11768 | D:7      | Killed Joseph
 11769 | D:7      | Reached skill level 5 in Spellcasting
 11769 | D:7      | Reached XP level 9. HP: 39/93 MP: 8/16
 12047 | D:7      | Reached skill level 5 in Air Magic
 13548 | D:8      | Reached skill level 8 in Fighting
 15614 | D:9      | Reached XP level 10. HP: 100/106 MP: 7/19
 15984 | D:9      | Reached skill level 9 in Fighting
 15985 | D:9      | Reached * piety under Yredelemnul
 17055 | D:9      | Found a staircase to the Orcish Mines.
 17068 | D:9      | Paralysed by a hornet for 3 turns
 18034 | D:9      | Found an ancient bone altar of Kikubaaqudgha.
 18180 | D:9      | Found a hazy altar of Hepliaklqana.
 18180 | D:9      | Found a shadowy altar of Dithmenos.
 18407 | D:10     | Entered Level 10 of the Dungeon
 18419 | D:10     | Noticed an unseen horror
 18429 | D:10     | Killed an unseen horror
 19042 | D:10     | Noticed an unseen horror
 19056 | D:10     | Killed an unseen horror
 19123 | D:10     | Noticed Psyche
 19124 | D:10     | Killed Psyche
 19130 | D:10     | Noticed a two-headed ogre
 19528 | D:10     | Noticed Grum
 19539 | D:10     | Reached skill level 10 in Throwing
 19540 | D:10     | Killed Grum
 19541 | D:10     | Reached skill level 10 in Fighting
 19709 | D:11     | Found a staircase to the Lair.
 19902 | D:10     | Reached XP level 11. HP: 99/117 MP: 6/22
 20098 | Lair:1   | Entered Level 1 of the Lair of Beasts
 20098 | Lair:1   | Noticed a seven-headed hydra
 20104 | Lair:1   | Killed a seven-headed hydra
 21601 | Lair:2   | Reached skill level 11 in Fighting
 22003 | Lair:2   | Reached skill level 1 in Long Blades
 22316 | Lair:2   | Reached ** piety under Yredelemnul
 22335 | Lair:2   | Reached XP level 12. HP: 82/130 MP: 2/25
 22548 | Lair:2   | Noticed an eight-headed hydra
 22684 | Lair:2   | Noticed Sonja
 22689 | Lair:2   | Cast into level 2 of the Abyss (Sonja)
 22709 | Abyss:2  | Found a corrupted altar of Lugonu.
 22768 | Abyss:2  | Noticed a bone dragon
 22772 | Abyss:2  | Noticed a deep elf sorcerer
 22927 | Abyss:2  | Noticed a thrashing horror
 22934 | Abyss:2  | Killed a thrashing horror
 22934 | Abyss:2  | Noticed a bone dragon
 22982 | Abyss:2  | Found a corrupted altar of Lugonu.
 23058 | Abyss:2  | Found a corrupted altar of Lugonu.
 23064 | Abyss:2  | Noticed a dread lich
 24050 | Abyss:2  | Noticed a deep elf sorcerer
 24060 | Abyss:2  | Killed a deep elf sorcerer
 24061 | Abyss:2  | Reached skill level 12 in Fighting
 24061 | Abyss:2  | Reached skill level 5 in Long Blades
 24063 | Abyss:2  | Noticed a wretched star
 24068 | Abyss:2  | HP: 4/132 [stone wall collision (14)]
 24075 | Abyss:2  | Killed a wretched star
 24118 | Abyss:2  | Noticed a green death
 24153 | Abyss:2  | HP: 6/132 [hellwing (4)]
 24154 | Abyss:2  | Slain by a hellwing

Illustrated notes

Levels and vault maps discovered:
D:1:      ebering_hopf_link, layout_basic, minmay_heptomino_w4
D:2:      minmay_angry_zag, layout_loops_corners, serial_shops,
          nicolae_shop_statue_plus
D:3:      layout_rooms, grunt_temple_overflow_order_and_chaos_1, serial_glass,
          glass_columns_c, glass_columns_a
D:4:      layout_gridville, lemuel_temple_firewalk_b, chequers_decorated_corner,
          uniq_edmund, uniq_ijyb
D:5:      layout_cave_pods, uniq_grinder, uniq_crazy_yiuf_cottage
D:6:      layout_basic, nicolae_overflow_crystal_walls,
          nicolae_ashenzari_skybound, kb_lookout_dungeons_type,
          uniq_prince_ribbit1
D:7:      layout_loops_corners, general_overflow_altar, chequers_hall_statues_y,
          uniq_joseph
D:8:      layout_loops_corners, kennysheep_path_1
D:9:      layout_loops_ring, riverfiend_overflow_shadow_ancestor,
          nicolae_overflow_hidden_temple, erik_orc_1
D:10:     layout_basic, uniq_psyche, uniq_grum
D:11:     layout_irregular_city, lair_entry_dummy, serial_shops, shop
Temple:   dshaligram_water_room_temple
Lair:1:   layout_loops_ring, serial_bayou_shore_a
Lair:2:   layout_regular_city, infiniplex_staircase_pool, uniq_sonja
Abyss:2:  base: D:2, evilmike_abyss_exit_16, hangedman_abyss_sting,
          lemuel_flamethrower_2, bh_abyss_exit_choice

Skill      XL: |  1  2  3  4  5  6  7  8  9 10 11 12 |
---------------+-------------------------------------+-----
Dodging        | 2 |  2.6
Fighting       | 3 4 5 6 7 8 10 11 12 | 12.1
Spellcasting   | 1 2 3 5 6 7 9 |  9.8
Air Magic      | 1 3 4 5 6 7 |  7.9
Conjurations   | 1 2 |  2.3
Throwing       | 5 7 8 10 11 | 11.7
Long Blades    | 3 5 |  5.4
Stealth        | |  0.6

Action                   |  1- 3 |  4- 6 |  7- 9 | 10-12 || total
-------------------------+-------+-------+-------+-------++-------
Melee: Dagger            |   136 |       |       |       ||   136
       Whip              |    39 |   147 |    68 |     1 ||   255
       Demon blade       |       |       |       |    13 ||    13
       Trident           |       |       |       |     9 ||     9
Throw: Large rock        |    11 |    11 |     4 |    12 ||    38
       Dart              |    15 |    47 |    36 |    69 ||   167
       Throwing net      |       |     4 |       |       ||     4
       Stone             |       |       |     2 |       ||     2
       Boomerang         |       |       |    10 |    33 ||    43
       Javelin           |       |       |       |    15 ||    15
 Cast: Shock             |       |     5 |    35 |    13 ||    53
       Static Discharge  |       |       |   130 |   134 ||   264
       Airstrike         |       |       |     8 |    69 ||    77
Evoke: Wand              |       |     6 |     5 |     6 ||    17
       Phial of floods   |       |       |       |     1 ||     1
  Use: Scroll            |       |     3 |    12 |    12 ||    27
       Potion            |       |     6 |       |    10 ||    16
 Stab: Sleeping          |     2 |     2 |     1 |       ||     5
       Held in net/web   |       |     1 |       |       ||     1
Armor: Robe              |    51 |    39 |    65 |    70 ||   225
Dodge: Dodged            |   124 |    89 |   160 |   120 ||   493
       Rpst.: Demon blade |       |       |       |     5 ||     5

Table legend: (Time is in decaauts)
 A = Elapsed time spent in this place.
 B = Non-inter-level travel time spent in this place.
 C = Inter-level travel time spent in this place.
 D = Time resting spent in this place.
 E = Time spent auto-exploring this place.
 F = Levels seen in this place.
 G = Mean time per level.
                   A        B        C        D        E       F      G
               +--------+--------+--------+--------+--------+-----+--------+
         Total |  24200 |  23137 |   1063 |   8607 |   7627 |  15 | 1613.3 |
       Dungeon |  20238 |  19255 |    983 |   7127 |   6591 |  11 | 1839.8 |
        Temple |    255 |    255 |      0 |    100 |    109 |   1 |  255.0 |
          Lair |   2227 |   2147 |     80 |    522 |    927 |   2 | 1113.5 |
         Abyss |   1479 |   1479 |      0 |    857 |      0 |   1 | 1479.0 |
               +--------+--------+--------+--------+--------+-----+--------+

Top non-repeatable levels by time:
     D:6: 2618 daAuts
     D:9: 2585 daAuts
     D:8: 2548 daAuts
     D:5: 2463 daAuts
     D:7: 2415 daAuts
     D:1: 1632 daAuts
     D:2: 1499 daAuts
     D:4: 1484 daAuts
 Abyss:2: 1479 daAuts
    D:10: 1459 daAuts
  Lair:1: 1238 daAuts
     D:3: 1096 daAuts
  Lair:2: 989 daAuts
    D:11: 435 daAuts
  Temple: 255 daAuts
